AoeStats
← Flight of the Shoes

MegaRandom

509489439Analyzed
3v3 RM · 5d ago on Sep 26, 2026· 26m 43s· 6 players
Game mode
Random Map
Map size
Normal (6 player)
Population
200
Speed
Normal
Resources
Standard
Victory
Conquest
Starting age
Dark Age
Ending age
Imperial Age
RankedLock teamsTeams togetherTeam positionsShared explorationLock speedFull tech treeHidden civsTurbo modeCheats
Victory
Defeat
🇲🇽 Bulgarians · Mexico
981
+15
🇦🇷 Franks · Argentina
914
+18
🇪🇸 Britons · Spain
890
+18
🇺🇸 Persians · United States
980
-18
🇺🇸 Aztecs · United States
940
-17
🇺🇸 Franks · United States
935
-16
Flight of the Shoes
5:27 Loom
6:51 Loom
19:57 Feudal Age
20:02 Man-at-Arms
21:07 Double-Bit Axe
21:16 Horse Collar
21:40 Gold Mining
26:07 Wheelbarrow
Angry Bull Saloon
3:48 Loom
16:48 Feudal Age
18:46 Gold Mining
18:38 Horse Collar
21:49 Double-Bit Axe
22:20 Fletching
27:23 Castle Age
26:14 Bloodlines
26:44 Scale Barding Armor
26:52 Forging
Dislocated Shoulder
6:55 Loom
21:53 Feudal Age
GueroPalma2504
8:51 Loom
17:24 Feudal Age
21:55 Castle Age
25:42 Double-Bit Axe
26:25 Horse Collar
maricelolaru234
4:27 Loom
19:11 Feudal Age
19:18 Man-at-Arms
21:09 Double-Bit Axe
21:06 Horse Collar
26:59 Wheelbarrow
Milei
4:44 Loom
14:45 Feudal Age
18:32 Double-Bit Axe
20:27 Town Watch
23:38 Castle Age
26:44 Scale Barding Armor
Connection lost

Rejoining the realm…

Still unreachable

The connection could not be restored.

Session expired

The server has moved on; the page needs a fresh start.